[Event "Titled Tuesday Blitz August 10 2021"]
[White "Petriashvili, Nikoloz"]
[Black "Song, Michael"]
[WhiteFideId "13611216"]
[BlackFideId "2613190"]
[WhiteElo "2430"]
[BlackElo "2274"]
[Result "1-0"]
[Round "07"]
[TimeControl "180+1"]
[Date "2021.08.10"]
[WhiteClock "0:00:12"]
[BlackClock "0:00:03"]

1. e4 e5 2. Nf3 Nc6 3. Bb5 Nf6 4. d3 Bc5 5. O-O d6 6. Be3 Bxe3 7. fxe3 O-O 8. Nbd2 Ne7 9. Ba4 Ng6 10. Qe1 c6 11. Bb3 d5 12. exd5 cxd5 13. e4 d4 14. Nh4 Nxh4 15. Qxh4 Be6 16. Bxe6 fxe6 17. Nc4 Nd7 18. Rxf8+ Qxf8 19. Rf1 Qd8 20. Qg3 Qc7 21. Qg4 Re8 22. a4 b6 23. h4 a6 24. h5 b5 25. axb5 axb5 26. h6 g6 27. Na3 Qc5 28. Kh2 Qc6 29. Rf2 Rf8 30. Rxf8+ Kxf8 31. Qg5 Ke8 32. Qxg6+ hxg6 33. h7 Qc5 34. h8=Q+ Nf8 35. Qg7 Qb4 36. Qb7 Qxb2 37. Nxb5 Qxc2 38. Nc7+ Kd8 39. Qb8+ Ke7 40. Qe8+ Kd6 41. Nb5+ Kc5 42. Qc8+ Kxb5 43. Qxc2 1-0


[Site "https://www.chess.com"]

[Event "Titled Tuesday Blitz August 10 2021"]
[White "Quintiliano Pinto, Renato R."]
[Black "Priasmoro, Novendra"]
[WhiteFideId "2117568"]
[BlackFideId "7105029"]
[WhiteElo "2439"]
[BlackElo "2309"]
[Result "0-1"]
[Round "07"]
[TimeControl "180+1"]
[Date "2021.08.10"]
[WhiteClock "0:00:06"]
[BlackClock "0:01:56"]

1. d4 Nf6 2. c4 g6 3. Nf3 Bg7 4. Nc3 d6 5. e4 O-O 6. Be2 Na6 7. O-O e5 8. Be3 c6 9. d5 Ng4 10. Bg5 f6 11. Bc1 c5 12. a3 h5 13. Rb1 b6 14. b4 Qe7 15. Nh4 Kh7 16. h3 Nh6 17. Nf3 Nf7 18. Be3 Bh6 19. Bxh6 Kxh6 20. Ne1 f5 21. exf5 gxf5 22. Bxh5 Ng5 23. Nd3 Rg8 24. Kh1 Qg7 25. Rg1 e4 26. Nf4 Qxc3 27. Bg6 Kg7 28. Qh5 Qf6 29. g4 fxg4 30. h4 Rh8 31. hxg5 Qxf4 0-1


[Site "https://www.chess.com"]

[Event "Titled Tuesday Blitz August 10 2021"]
[White "Quparadze, Giga"]
[Black "Gupta, Abhijeet"]
[WhiteFideId "13602250"]
[BlackFideId "5010608"]
[WhiteElo "2658"]
[BlackElo "2549"]
[Result "1-0"]
[Round "07"]
[TimeControl "180+1"]
[Date "2021.08.10"]
[WhiteClock "0:00:28"]
[BlackClock "0:00:02"]

1. e4 c5 2. Nf3 d6 3. d4 cxd4 4. Nxd4 Nf6 5. Nc3 Nc6 6. Be2 e5 7. Nb3 Be7 8. O-O O-O 9. Kh1 a5 10. a4 Be6 11. f4 Nb4 12. f5 Bd7 13. Bg5 Bc6 14. Bxf6 Bxf6 15. Bc4 Rc8 16. Re1 Bh4 17. Re2 Bg5 18. Nd5 Nxd5 19. Bxd5 Qc7 20. c3 Rfd8 21. Qd3 Qb6 22. g3 h6 23. Kg2 Kf8 24. h4 Be7 25. Rd2 Rc7 26. Ra3 Rdc8 27. Kf3 h5 28. Qe3 Qa6 29. Ra1 Bd7 30. Kg2 Bc6 31. Qf3 Bxd5 32. Rxd5 Rc4 33. Nd2 R4c5 34. Qxh5 Kg8 35. Rxc5 Rxc5 36. Qf3 b5 37. Qd3 Qb6 38. axb5 Rxb5 39. b3 Rc5 40. Ra4 Qc6 41. c4 Qb6 42. Nf1 Rc8 43. Ne3 Bf8 44. Nd5 Qc5 45. Qe3 Qc6 46. Rxa5 Rb8 47. Ra7 Ra8 48. h5 f6 49. h6 Kh8 50. hxg7+ Bxg7 51. Qb6 Qc8 52. Ne7 1-0


[Site "https://www.chess.com"]

[Event "Titled Tuesday Blitz August 10 2021"]
[White "Rastbod, Ali"]
[Black "Ibrahimli, Murad"]
[WhiteFideId "12567477"]
[BlackFideId "13410229"]
[WhiteElo "2226"]
[BlackElo "2109"]
[Result "1-0"]
[Round "07"]
[TimeControl "180+1"]
[Date "2021.08.10"]
[WhiteClock "0:00:07"]
[BlackClock "0:00:10"]

1. e4 c5 2. Nf3 d6 3. Bc4 Nf6 4. Nc3 Nc6 5. d4 cxd4 6. Nxd4 e5 7. Nf5 Be6 8. Bb3 g6 9. Ne3 Bg7 10. Ned5 O-O 11. Be3 Ng4 12. O-O Nxe3 13. Nxe3 Nd4 14. Bd5 Qe7 15. Ne2 Nc6 16. c3 Kh8 17. Qd3 f5 18. Bxe6 Qxe6 19. f3 Ne7 20. Rad1 Rad8 21. Nd5 fxe4 22. Qxe4 Nc6 23. Rfe1 Qf7 24. Nc1 Qf5 25. Nd3 Qg5 26. Re2 Rf7 27. Rde1 Rdf8 28. Rf1 Nd8 29. Qe3 Qxe3+ 30. Rxe3 Ne6 31. Rd1 Bh6 32. Re2 Rd8 33. Nf2 Nc5 34. Ne4 Nxe4 35. Rxe4 Bf8 36. Kf1 Kg7 37. Ke2 b5 38. a4 Rb7 39. a5 a6 40. b4 Kf7 41. Re3 Bg7 42. Red3 Ke6 43. g3 Rbd7 44. Kf2 Rb7 45. Re1 Kf7 46. h4 Rbd7 47. Rh1 h5 48. Re1 Rb7 49. Re4 Rbd7 50. Ke2 Rb7 51. c4 Rc8 52. Rc3 bxc4 53. Rcxc4 Rxc4 54. Rxc4 Ke6 55. Nb6 Bf8 56. Rc8 Be7 57. Ra8 Rc7 58. Rxa6 Rc2+ 59. Kd3 Rb2 60. Kc4 Rf2 61. Nd5 Bd8 62. b5 Rxf3 63. b6 Rf1 64. Nb4 Rc1+ 65. Kb5 e4 66. b7 Bc7 67. Ra8 Kd7 68. b8=Q Bxb8 69. Rxb8 e3 70. Rb7+ Ke6 71. Nd3 Rb1+ 72. Kc6 Rd1 73. Nf4+ Kf5 74. a6 g5 75. hxg5 Kxg5 76. Rg7+ Kf5 77. Rf7+ Kg4 78. Re7 Ra1 79. Kb7 Kxg3 80. Nd5 e2 81. Rxe2 h4 82. Re3+ Kg2 83. Nf4+ Kf2 84. Rb3 Ra4 85. Nh3+ Kg2 86. a7 d5 87. a8=Q Rxa8 88. Kxa8 d4 89. Kb7 Kf1 90. Kc6 Ke2 91. Kd5 d3 92. Nf4+ Ke3 93. Nxd3 h3 94. Ne5+ 1-0


[Site "https://www.chess.com"]

[Event "Titled Tuesday Blitz August 10 2021"]
[White "Remizov, Yaroslav"]
[Black "Nagy, Gabor"]
[WhiteFideId "34134015"]
[BlackFideId "737119"]
[WhiteElo "2339"]
[BlackElo "2562"]
[Result "0-1"]
[Round "07"]
[TimeControl "180+1"]
[Date "2021.08.10"]
[WhiteClock "0:00:06"]
[BlackClock "0:00:20"]

1. e4 c5 2. Nf3 Nc6 3. Bb5 g6 4. O-O Bg7 5. Re1 e5 6. Nc3 Nge7 7. a3 O-O 8. Bc4 d6 9. d3 h6 10. Rb1 a6 11. h3 Kh7 12. Ba2 b5 13. b4 cxb4 14. axb4 f5 15. Nd5 Bd7 16. c4 Nxd5 17. exd5 Ne7 18. c5 e4 19. cxd6 Nc8 20. dxe4 fxe4 21. Rxe4 Bf5 22. Re2 Nxd6 23. Nd4 Bxb1 24. Ne6 Qh4 25. Nxf8+ Rxf8 26. Bxb1 Qxb4 27. Qd3 Nf5 28. Re6 Rf6 29. Rxf6 Bxf6 30. Bd2 Qc4 31. Qxc4 bxc4 32. Kf1 c3 33. Bxf5 cxd2 34. Bc2 a5 35. Ke2 Bc3 36. Kd3 Bb4 37. Kc4 Kg7 38. Kb5 Kf6 39. Kc6 Ke5 40. d6 Bxd6 41. f4+ Kxf4 42. Kxd6 Kg3 43. Ke5 Kxg2 44. h4 g5 45. hxg5 hxg5 46. Kf5 Kf2 47. Kxg5 Ke1 48. Kf4 d1=Q 49. Bxd1 Kxd1 50. Ke3 Kc2 51. Kd4 a4 52. Kc4 a3 53. Kb4 a2 0-1


[Site "https://www.chess.com"]

[Event "Titled Tuesday Blitz August 10 2021"]
[White "Sevian, Samuel"]
[Black "Timofeev, Artyom"]
[WhiteFideId "2040506"]
[BlackFideId "4140419"]
[WhiteElo "2979"]
[BlackElo "2582"]
[Result "1-0"]
[Round "07"]
[TimeControl "180+1"]
[Date "2021.08.10"]
[WhiteClock "0:02:16"]
[BlackClock "0:01:19"]

1. e4 c5 2. Nf3 Nc6 3. d4 cxd4 4. Nxd4 g6 5. Nc3 Bg7 6. Be3 Nf6 7. Nxc6 dxc6 8. Qxd8+ Kxd8 9. O-O-O Ke8 10. h3 Nd7 11. f4 Bxc3 12. bxc3 Nb6 13. g4 Be6 14. f5 Bxa2 15. Bxb6 axb6 16. Kb2 gxf5 17. gxf5 Ra4 18. Ra1 Rxe4 19. Rxa2 Kd7 20. Bd3 Re5 21. Rg1 h5 22. Ra4 b5 23. Rd4+ Kc7 24. Rg7 f6 25. h4 b6 26. Rf4 Kd6 27. Rg1 Kc7 28. Ra1 Kb7 29. Rd4 Rc8 30. Rd7+ Rc7 31. Rd8 Rc8 32. Ra7+ Kxa7 33. Rxc8 e6 34. Rxc6 exf5 35. Rxf6 1-0


[Site "https://www.chess.com"]

[Event "Titled Tuesday Blitz August 10 2021"]
[White "Sychev, Klementy"]
[Black "Andreikin, Dmitry"]
[WhiteFideId "4114060"]
[BlackFideId "4158814"]
[WhiteElo "2615"]
[BlackElo "2782"]
[Result "0-1"]
[Round "07"]
[TimeControl "180+1"]
[Date "2021.08.10"]
[WhiteClock "0:01:06"]
[BlackClock "0:02:11"]

1. e4 c6 2. d4 g6 3. c4 Bg7 4. Nc3 a6 5. f4 b5 6. Nf3 d5 7. cxd5 cxd5 8. e5 Bg4 9. Be2 e6 10. Be3 Ne7 11. O-O Nf5 12. Bf2 h5 13. Ne1 Nc6 14. Rc1 Rc8 15. Qd2 b4 0-1


[Site "https://www.chess.com"]

[Event "Titled Tuesday Blitz August 10 2021"]
[White "Terry, Renato"]
[Black "Goryachkina, Aleksandra"]
[WhiteFideId "3803457"]
[BlackFideId "4147103"]
[WhiteElo "2581"]
[BlackElo "2441"]
[Result "1-0"]
[Round "07"]
[TimeControl "180+1"]
[Date "2021.08.10"]
[WhiteClock "0:00:06"]
[BlackClock "0:00:02"]

1. d4 Nf6 2. Nf3 d5 3. c4 e6 4. e3 b6 5. b3 Bd6 6. Bd3 O-O 7. Bb2 Bb7 8. O-O Nbd7 9. Nbd2 Qe7 10. a3 c5 11. Ne5 Bxe5 12. dxe5 Ne4 13. Bxe4 dxe4 14. Qg4 Rfd8 15. Nxe4 Bxe4 16. Qxe4 Nf8 17. Bc3 h6 18. g3 Rac8 19. Rfd1 Ng6 20. h4 Qc7 21. h5 Ne7 22. g4 Rd7 23. Rxd7 Qxd7 24. Kh2 Rd8 25. Rc1 a5 26. Kg3 a4 27. b4 Nc6 28. b5 Ne7 29. Kg2 Kh8 30. Kf1 Qe8 31. Ke2 Rd7 32. Rd1 Rxd1 33. Kxd1 Qd8+ 34. Ke2 Kg8 35. Qb7 Kf8 36. Qa7 g6 37. hxg6 Nxg6 38. Qxa4 Kg7 39. Qa7 Qh4 40. Qxb6 Qxg4+ 41. Kd2 Qxc4 42. Bb2 h5 43. Qb7 h4 44. b6 h3 45. Qh1 Qb3 46. Kc1 Qxb6 47. Qxh3 Qb3 48. Qg4 c4 49. Qd4 Qa4 50. Qc3 Qb5 51. Qb4 Qd5 52. Qd2 Qh1+ 53. Kc2 Qe4+ 54. Kc3 Nxe5 55. Qd4 Qf5 56. f4 f6 57. fxe5 fxe5 58. Qxc4 Qf3 59. Qd3 e4 60. Qd4+ Kg6 61. a4 Qg2 62. Kb3 Qh1 63. Qg7+ Kf5 64. Qe5+ Kg4 65. Qf4+ 1-0


[Site "https://www.chess.com"]

[Event "Titled Tuesday Blitz August 10 2021"]
[White "Timmermans, Mark"]
[Black "Zhigalko, Sergei"]
[WhiteFideId "1026399"]
[BlackFideId "13502956"]
[WhiteElo "2460"]
[BlackElo "2662"]
[Result "1-0"]
[Round "07"]
[TimeControl "180+1"]
[Date "2021.08.10"]
[WhiteClock "0:00:22"]
[BlackClock "0:00:05"]

1. b4 e5 2. Bb2 d6 3. b5 Nf6 4. a4 Be7 5. c4 O-O 6. e3 Re8 7. Nf3 Nbd7 8. Be2 e4 9. Nd4 Nc5 10. O-O Nfd7 11. f4 a5 12. Nc3 Nb6 13. Qc2 Bf6 14. Ba3 Bd7 15. Rae1 Qe7 16. Nb3 Ncxa4 17. Nxa4 Nxa4 18. c5 Be6 19. c6 bxc6 20. bxc6 Nb6 21. Bb2 Bxb3 22. Qxb3 a4 23. Bxf6 Qxf6 24. Qa3 d5 25. Rb1 d4 26. Rfc1 Red8 27. Rxb6 dxe3 28. dxe3 cxb6 29. c7 Rdc8 30. Bg4 b5 31. Bxc8 Rxc8 32. Qc5 h6 33. Qxb5 a3 34. Qb7 Qe6 35. Qa7 Qd7 36. Qxa3 Rxc7 37. Qa8+ Kh7 38. Rxc7 Qxc7 39. Qxe4+ Kg8 40. Qd4 Qe7 41. h3 Qa3 42. Kf2 Qe7 43. Kf3 Qh4 44. Qd5 Qe7 45. Qa8+ Qf8 46. Qxf8+ Kxf8 47. Ke4 Ke7 48. Kd5 Kf6 49. e4 Kg6 50. g4 Kf6 51. e5+ Ke7 52. f5 Kd7 53. e6+ fxe6+ 54. fxe6+ Ke7 55. Ke5 Ke8 56. h4 Ke7 57. h5 Ke8 58. Kd6 Kd8 59. e7+ Ke8 60. Ke6 g6 61. hxg6 h5 62. g7 hxg4 63. g8=Q# 1-0


[Site "https://www.chess.com"]

[Event "Titled Tuesday Blitz August 10 2021"]
[White "Vlassov, Nikolai"]
[Black "Kukhmazov, Arsen"]
[WhiteFideId "4103360"]
[BlackFideId "24108260"]
[WhiteElo "2407"]
[BlackElo "2453"]
[Result "1-0"]
[Round "07"]
[TimeControl "180+1"]
[Date "2021.08.10"]
[WhiteClock "0:00:10"]
[BlackClock "0:00:01"]

1. e4 c6 2. d4 d5 3. e5 Bf5 4. Nc3 e6 5. g4 Bg6 6. Nge2 c5 7. Be3 Nc6 8. dxc5 Nxe5 9. Nf4 Nf6 10. Bb5+ Nfd7 11. Qe2 a6 12. Bxd7+ Kxd7 13. O-O-O Kc8 14. Ncxd5 exd5 15. Nxd5 Qe8 16. Nb6+ Kb8 17. Nxa8 Kxa8 18. Rhe1 f6 19. f4 Nc6 20. f5 Bf7 21. Kb1 Be7 22. Bf2 Qc8 23. c3 Rd8 24. Rxd8 Qxd8 25. Rd1 Qa5 26. b4 Qc7 27. Bg3 Qc8 28. a3 Bd8 29. Bd6 Bc7 30. Qe4 Ne5 31. g5 Bb3 32. Rd4 Ba4 33. gxf6 gxf6 34. Bxc7 Qxc7 35. Rd6 Bc6 36. Qh4 Qg7 37. Qg3 Qh6 38. Qxe5 Qh5 39. Rd8+ 1-0


[Site "https://www.chess.com"]

[Event "Titled Tuesday Blitz August 10 2021"]
[White "Vokhidov, Shamsiddin"]
[Black "Tica, Sven"]
[WhiteFideId "14204223"]
[BlackFideId "14526948"]
[WhiteElo "2572"]
[BlackElo "2391"]
[Result "1/2-1/2"]
[Round "07"]
[TimeControl "180+1"]
[Date "2021.08.10"]
[WhiteClock "0:00:04"]
[BlackClock "0:00:06"]

1. e4 e6 2. d4 d5 3. Nc3 Nf6 4. Bg5 dxe4 5. Nxe4 Be7 6. Bxf6 gxf6 7. Qd2 f5 8. Nc3 a6 9. Nf3 b5 10. O-O-O b4 11. Na4 Bb7 12. Bc4 Bd5 13. Qe2 Qd7 14. Nc5 Bxc4 15. Qxc4 Qb5 16. Qb3 Nc6 17. Rhe1 O-O-O 18. Nxe6 fxe6 19. Qxe6+ Kb8 20. d5 Rd6 21. Qxf5 Bd8 22. Qe4 Ne7 23. Rd4 Nxd5 24. Red1 Re8 25. Ne5 Nf6 26. Qf4 Qxe5 27. Rxb4+ Kc8 28. Qf3 Rxd1+ 29. Qxd1 Qe1 30. c3 Qxd1+ 31. Kxd1 Be7 32. Rf4 Rd8+ 33. Ke2 Rg8 34. g3 Kd7 35. h3 Ke6 36. Ra4 Ra8 37. f4 a5 38. Kf3 Bd6 39. g4 Nd5 40. f5+ Kf6 41. Re4 Rb8 42. c4 Nb4 43. Re6+ Kf7 44. Rh6 Kg7 45. g5 Nxa2 46. Re6 Rxb2 47. h4 Rb3+ 48. Kg4 Rb4 49. h5 Rxc4+ 50. Kh3 Nb4 51. h6+ Kf7 52. Rf6+ Ke7 53. Re6+ Kd7 54. g6 hxg6 55. h7 Rc2 56. Rxd6+ cxd6 57. h8=Q gxf5 58. Qh7+ Kc6 59. Qxf5 Rc5 60. Qc8+ Kb6 61. Qb8+ Kc6 62. Qa8+ Kb6 63. Kg3 Nc6 64. Kf3 Rc3+ 65. Ke2 Rc5 66. Kd3 Rd5+ 67. Kc2 Nb4+ 68. Kb3 Rd3+ 69. Ka4 Nc6 70. Qg8 Rd4+ 71. Ka3 Rb4 72. Qf8 Rd4 73. Kb3 Rd3+ 74. Kc2 Rd4 75. Kb2 Rd2+ 76. Kc3 Rd5 77. Kb3 Rd3+ 78. Ka2 Nb4+ 79. Kb2 Rd5 80. Kb3 Nc6 81. Qf2+ Rd4 82. Qf8 Rd3+ 1/2-1/2


[Site "https://www.chess.com"]

[Event "Titled Tuesday Blitz August 10 2021"]
[White "Wagner, Dennis"]
[Black "Iskusnyh, Sergei"]
[WhiteFideId "24650684"]
[BlackFideId "4120027"]
[WhiteElo "2355"]
[BlackElo "2492"]
[Result "0-1"]
[Round "07"]
[TimeControl "180+1"]
[Date "2021.08.10"]
[WhiteClock "0:00:09"]
[BlackClock "0:00:29"]

1. d4 d5 2. c4 e6 3. Nf3 dxc4 4. e3 Nf6 5. Bxc4 a6 6. O-O b5 7. Bd3 Bb7 8. a4 b4 9. Nbd2 c5 10. a5 cxd4 11. exd4 Be7 12. Nc4 Nbd7 13. Re1 O-O 14. Qe2 Qc7 15. Bg5 Nd5 16. Rac1 Nf4 17. Qd2 Nxd3 18. Qxd3 Bxg5 19. Nxg5 Nf6 20. Nb6 Qf4 21. Qg3 Qxg3 22. hxg3 Rad8 23. Rc4 Nd5 24. Ne4 Nxb6 25. axb6 Bxe4 26. Rxe4 Rd6 27. Rxb4 Rb8 28. Re5 Rdxb6 29. Rxb6 Rxb6 30. Ra5 Kf8 31. Kh2 Rxb2 32. f3 Rb6 33. d5 exd5 34. Rxd5 Ke7 35. g4 Rb5 36. Rd4 a5 37. Ra4 Kd6 38. Kg3 Kc6 39. Rf4 f6 40. Re4 Re5 41. Rd4 Re7 42. Ra4 Kb5 43. Kf4 Kxa4 0-1


[Site "https://www.chess.com"]

[Event "Titled Tuesday Blitz August 10 2021"]
[White "Abdurakhmonov, Mukhammadali"]
[Black "Pichot, Alan"]
[WhiteFideId "14207346"]
[BlackFideId "110973"]
[WhiteElo "2266"]
[BlackElo "2622"]
[Result "1-0"]
[Round "08"]
[TimeControl "180+1"]
[Date "2021.08.10"]
[WhiteClock "0:01:46"]
[BlackClock "0:00:27"]

1. e4 c5 2. Nc3 d6 3. Nf3 Nc6 4. d4 cxd4 5. Nxd4 Nf6 6. Bc4 Qb6 7. Ndb5 a6 8. Be3 Qd8 9. Nd4 e6 10. a3 Be7 11. Ba2 Bd7 12. O-O Nxd4 13. Bxd4 Bc6 14. Qd3 O-O 15. f4 b5 16. f5 e5 17. Bf2 Rc8 18. Bh4 Qb6+ 19. Kh1 a5 20. Bxf6 Bxf6 21. Nd5 Bxd5 22. Bxd5 Bg5 23. c3 Rc7 24. g3 Rb8 25. h4 Qe3 26. Rf3 Qxd3 27. Rxd3 Be7 28. Kg2 Bd8 29. Kh3 h6 30. Bb3 Be7 31. g4 b4 32. cxb4 axb4 33. a4 Ra8 34. Rg1 Kf8 35. g5 hxg5 36. hxg5 Ra6 37. Kg4 Bd8 38. Rh1 Rac6 39. Rdd1 Ke7 40. Rh7 Kf8 41. Rh8+ Ke7 42. Rg8 1-0


[Site "https://www.chess.com"]

[Event "Titled Tuesday Blitz August 10 2021"]
[White "Andreikin, Dmitry"]
[Black "Jobava, Baadur"]
[WhiteFideId "4158814"]
[BlackFideId "13601520"]
[WhiteElo "2782"]
[BlackElo "2748"]
[Result "1-0"]
[Round "08"]
[TimeControl "180+1"]
[Date "2021.08.10"]
[WhiteClock "0:00:19"]
[BlackClock "0:00:23"]

1. Nf3 c6 2. e4 d5 3. d3 Bg4 4. h3 Bxf3 5. Qxf3 e6 6. g3 Nd7 7. Bg2 g6 8. O-O Bg7 9. Nd2 Ne7 10. Qe2 O-O 11. h4 a5 12. h5 a4 13. a3 Qb6 14. Nf3 dxe4 15. dxe4 Qa6 16. Qd2 Rad8 17. hxg6 hxg6 18. Qg5 Bf6 19. Qh6 Bg7 20. Qh4 f6 21. Bh3 c5 22. Be3 Qc6 23. Rad1 Nb6 24. Ne5 fxe5 25. Qxe7 Rde8 26. Qxc5 Nc4 27. Qxc6 bxc6 28. Bc5 Rf7 29. b3 axb3 30. cxb3 Na5 31. b4 Nb3 32. Rd6 Nxc5 33. bxc5 Rc7 34. Bxe6+ Kh7 35. Bd7 Rd8 36. Bf5 Rxd6 37. cxd6 Ra7 38. Be6 Rxa3 39. Rd1 Bf6 40. d7 Bd8 41. Rd6 Rc3 42. Bf7 Kg7 43. Bxg6 Kf8 44. Re6 Be7 45. Rxe5 Rd3 46. Bf5 c5 47. Rd5 Rxd5 48. exd5 1-0


[Site "https://www.chess.com"]

[Event "Titled Tuesday Blitz August 10 2021"]
[White "Assaubayeva, Bibisara"]
[Black "Sychev, Klementy"]
[WhiteFideId "13708694"]
[BlackFideId "4114060"]
[WhiteElo "2232"]
[BlackElo "2615"]
[Result "0-1"]
[Round "08"]
[TimeControl "180+1"]
[Date "2021.08.10"]
[WhiteClock "0:00:16"]
[BlackClock "0:01:04"]

1. d4 Nf6 2. c4 e6 3. Nf3 d5 4. Nc3 Ne4 5. Qc2 Nxc3 6. Qxc3 a5 7. a3 Bb4 8. axb4 axb4 9. Rxa8 bxc3 10. Rxb8 cxb2 11. Bxb2 O-O 12. e3 dxc4 13. Bxc4 Qd6 14. Bc3 Qa3 15. Kd2 Qa7 16. Rxc8 Rxc8 17. Ra1 Qb6 18. Ke2 Qc6 19. Ne5 Qxg2 20. Rb1 c5 21. Bd3 f6 22. Nf3 cxd4 23. Bxd4 e5 24. Ba1 Qg4 25. e4 Ra8 26. Bc3 f5 27. Rg1 Ra2+ 28. Bd2 Rxd2+ 29. Kxd2 Qxf3 30. Rf1 fxe4 31. Bc4+ Kf8 32. Ra1 Qxf2+ 0-1


[Site "https://www.chess.com"]

[Event "Titled Tuesday Blitz August 10 2021"]
[White "Bartel, Mateusz"]
[Black "Terry, Renato"]
[WhiteFideId "1112635"]
[BlackFideId "3803457"]
[WhiteElo "2560"]
[BlackElo "2581"]
[Result "1/2-1/2"]
[Round "08"]
[TimeControl "180+1"]
[Date "2021.08.10"]
[WhiteClock "0:00:05"]
[BlackClock "0:00:02"]

1. e4 e6 2. Qe2 c5 3. Nf3 Nc6 4. g3 g6 5. Bg2 Bg7 6. c3 Nge7 7. h4 h6 8. d4 cxd4 9. cxd4 d5 10. Nc3 b6 11. O-O a5 12. Re1 Ba6 13. Qd1 dxe4 14. Nxe4 O-O 15. h5 g5 16. Nfxg5 hxg5 17. h6 Bxd4 18. Bxg5 Kh8 19. Qf3 f5 20. Nc3 e5 21. Rad1 Qe8 22. Nd5 Nxd5 23. Qxd5 Qg6 24. Rxd4 Qxg5 25. Rdd1 Rac8 26. Qd7 Qxh6 27. Rd6 Rf6 28. Rd5 Rd8 29. Qc7 Rxd5 30. Bxd5 e4 31. Qxb6 Ne5 32. Qd8+ Kg7 33. Qe7+ Nf7 34. Kg2 Bd3 35. Rh1 Qg6 36. Rh4 e3 37. fxe3 Be4+ 38. Bxe4 fxe4 39. Qxe4 Qxe4+ 40. Rxe4 Rc6 41. Ra4 Rc2+ 42. Kf3 Rxb2 43. Rxa5 Kf6 44. Kf4 Rf2+ 45. Ke4 Nd6+ 46. Kd4 Nf5+ 47. Kd3 Nxg3 48. a4 Ra2 49. Ra6+ Ke5 50. Ra5+ Kd6 51. Ra6+ Kc7 52. Ra5 Ra3+ 53. Kd4 Ne2+ 54. Ke4 Nc3+ 55. Kd4 Ne2+ 56. Ke4 Ra2 57. Kd3 Kb6 58. Rb5+ Kc6 59. Rb1 Ng3 60. Rg1 Nf5 61. Rg6+ Nd6 62. e4 Ra3+ 63. Kc2 Kd7 64. e5 Nc4 65. Rg7+ Ke6 66. Ra7 Nxe5 67. Kb2 Nc4+ 68. Kc2 Kd5 69. Rd7+ Kc5 70. Rc7+ Kd5 71. a5 Rxa5 72. Rc8 Nd6 73. Rd8 Kc5 74. Rd7 Ra3 75. Rc7+ Kd5 76. Rd7 Rh3 77. Rd8 Kc5 78. Rd7 Nb5 79. Rd8 Nd4+ 80. Kd2 Kc4 81. Rc8+ Kd5 82. Rd8+ Ke5 83. Re8+ Ne6 84. Kc2 Kd5 85. Re7 Rg3 86. Rd7+ Kc4 87. Kd2 Nd4 88. Rc7+ Kd5 89. Rd7+ Ke5 90. Re7+ Kf4 91. Rf7+ Nf5 92. Kc2 Ke4 93. Rf8 Nd4+ 94. Kb2 Kd3 95. Rd8 Rg2+ 96. Ka3 Kc4 97. Rc8+ Kb5 98. Rb8+ Kc5 99. Rc8+ Nc6 100. Kb3 Rg3+ 101. Kc2 Kd5 102. Rc7 Ne5 103. Rc8 Nc6 104. Rc7 Rh3 105. Rd7+ Kc4 106. Rc7 Rh2+ 107. Kd1 Kd5 108. Rd7+ Ke4 109. Kc1 Nd4 110. Kb1 Kd3 111. Rd8 Kc4 112. Rc8+ Kb4 113. Rb8+ Nb5 114. Kc1 Kc4 115. Kd1 Nd4 116. Ke1 Kd3 117. Kf1 Ra2 118. Re8 Nf5 119. Rd8+ Ke3 120. Rf8 Ng3+ 121. Kg1 Ne2+ 1/2-1/2


[Site "https://www.chess.com"]

[Event "Titled Tuesday Blitz August 10 2021"]
[White "Bok, Benjamin"]
[Black "Bluebaum, Matthias"]
[WhiteFideId "1017063"]
[BlackFideId "24651516"]
[WhiteElo "2658"]
[BlackElo "2685"]
[Result "1-0"]
[Round "08"]
[TimeControl "180+1"]
[Date "2021.08.10"]
[WhiteClock "0:00:16"]
[BlackClock "0:00:09"]

1. d4 Nf6 2. c4 e6 3. Nf3 d5 4. Nc3 Nbd7 5. cxd5 exd5 6. Bg5 h6 7. Bh4 c6 8. e3 Be7 9. Bd3 O-O 10. O-O Re8 11. Qc2 Ne4 12. Bxe7 Qxe7 13. Rab1 Nb6 14. Bxe4 dxe4 15. Nd2 f5 16. Rfc1 Be6 17. b4 Kh8 18. a3 Rac8 19. Ne2 Nd5 20. Nc4 Qf6 21. Nd6 Bf7 22. Nxc8 Rxc8 23. b5 Qg5 24. Qd2 Bh5 25. bxc6 bxc6 26. Rc5 Rf8 27. Nf4 Nxf4 28. exf4 Qg6 29. Kh1 Re8 30. Qe3 Qd6 31. Rbc1 Rc8 32. Rxf5 Bg6 33. Rfc5 Bf7 34. Qxe4 Rd8 35. Rxc6 Qxa3 36. Rc8 Bg8 37. h3 Qd6 38. Rxd8 Qxd8 39. Qe5 a5 40. Rc7 Qf8 41. Ra7 a4 42. Rxa4 Qc8 43. Ra7 Qf8 44. Ra6 Kh7 45. Kh2 Bf7 46. Rd6 Bg6 47. Rd7 Bf5 48. Rxg7+ Qxg7 49. Qxf5+ Kh8 50. d5 Qa7 51. Kg3 Qa3+ 52. f3 Qc3 53. Qe5+ Qxe5 54. fxe5 h5 55. Kf4 h4 56. Kg4 Kh7 57. Kxh4 Kh6 58. Kg4 Kg6 59. f4 Kg7 60. f5 Kh6 61. Kf4 Kh7 62. d6 Kh6 63. e6 Kh5 64. d7 Kh6 65. d8=Q Kh5 66. Qg5# 1-0


[Site "https://www.chess.com"]

[Event "Titled Tuesday Blitz August 10 2021"]
[White "Bologan, Victor"]
[Black "Khanin, Semen"]
[WhiteFideId "13900048"]
[BlackFideId "4111990"]
[WhiteElo "2511"]
[BlackElo "2521"]
[Result "1-0"]
[Round "08"]
[TimeControl "180+1"]
[Date "2021.08.10"]
[WhiteClock "0:00:15"]
[BlackClock "0:00:03"]

1. e4 e5 2. Nf3 Nc6 3. Bb5 a6 4. Ba4 Nf6 5. O-O Nxe4 6. d4 Be7 7. dxe5 Nc5 8. Bxc6 dxc6 9. Qe2 Bg4 10. h3 Bh5 11. Nc3 Qc8 12. Re1 O-O 13. Be3 Qe6 14. a3 f5 15. Bxc5 Bxc5 16. Ng5 Qh6 17. Qc4+ Kh8 18. Ne6 Bxf2+ 19. Kxf2 Bf7 20. Qf4 Qxe6 21. Kg1 Rad8 22. Rad1 h6 23. Ne2 c5 24. Ng3 Bg6 25. h4 Rd5 26. Rxd5 Qxd5 27. e6 Qd4+ 28. Qxd4 cxd4 29. Ne2 c5 30. Nf4 Be8 31. Nd5 Bc6 32. e7 Rc8 33. Nf4 Kg8 34. Re5 b6 35. Rxf5 Re8 36. Ng6 Kh7 37. h5 c4 38. Kf2 d3 39. cxd3 cxd3 40. Rf8 Be4 41. Rxe8 Bxg6 42. hxg6+ Kxg6 1-0


[Site "https://www.chess.com"]

[Event "Titled Tuesday Blitz August 10 2021"]
[White "Demidov, Mikhail"]
[Black "Bortnyk, Olexandr"]
[WhiteFideId "4197143"]
[BlackFideId "14120828"]
[WhiteElo "2559"]
[BlackElo "2723"]
[Result "0-1"]
[Round "08"]
[TimeControl "180+1"]
[Date "2021.08.10"]
[WhiteClock "0:00:22"]
[BlackClock "0:00:10"]

1. Nf3 f5 2. d3 d6 3. e4 e5 4. Nc3 Nf6 5. exf5 Bxf5 6. d4 e4 7. Nh4 Bd7 8. Bg5 Be7 9. Qe2 O-O 10. O-O-O Ng4 11. Bxe7 Qxe7 12. Nf3 Nc6 13. Nxe4 Rae8 14. Re1 Kh8 15. h3 Qxe4 16. hxg4 Qf4+ 17. Qd2 Rxe1+ 18. Nxe1 Qxd2+ 19. Kxd2 Rxf2+ 20. Ke3 Rf7 21. Bd3 Re7+ 22. Kf4 g5+ 23. Kxg5 Nxd4 24. Nf3 Rg7+ 25. Kf6 Ne6 26. g5 Nf4 27. Bf5 Nd5# 0-1


[Site "https://www.chess.com"]

[Event "Titled Tuesday Blitz August 10 2021"]
[White "Erdogdu, Mert"]
[Black "Ibarra Jerez, Jose Carlos"]
[WhiteFideId "6301495"]
[BlackFideId "2226332"]
[WhiteElo "2485"]
[BlackElo "2602"]
[Result "1/2-1/2"]
[Round "08"]
[TimeControl "180+1"]
[Date "2021.08.10"]
[WhiteClock "0:00:25"]
[BlackClock "0:00:24"]

1. e4 c5 2. Nf3 Nf6 3. e5 Nd5 4. Nc3 e6 5. Nxd5 exd5 6. d4 Nc6 7. dxc5 Bxc5 8. Qxd5 Qb6 9. Bc4 Bxf2+ 10. Ke2 O-O 11. Rf1 Bc5 12. Ng5 Nxe5 13. Nxf7 Nxf7 14. Rxf7 Qe6+ 15. Qxe6 dxe6 16. Rxf8+ Kxf8 17. Bg5 Bd7 18. Rf1+ Ke8 19. Be3 Bxe3 20. Kxe3 Ke7 21. Bd3 h6 22. Be4 Rc8 23. c3 b5 24. Bg6 Be8 25. Bxe8 Kxe8 26. Rf4 Ke7 27. Rb4 Rc5 28. a4 a6 29. axb5 axb5 30. Rg4 g5 31. Rd4 Re5+ 32. Re4 Rf5 33. g4 Rc5 34. Kd3 e5 35. Re3 Ke6 36. Rh3 Rc4 37. Rxh6+ Kd5 38. h3 Rf4 39. Ke3 e4 40. Rh5 Rf3+ 41. Ke2 Kc4 42. Rxg5 Rxh3 43. b3+ Kxb3 44. Rxb5+ Kxc3 45. Rd5 Kc4 46. Rd7 Rg3 47. g5 Rxg5 48. Ke3 Rg4 49. Rd4+ Kc5 50. Rxe4 Rxe4+ 51. Kxe4 1/2-1/2


[Site "https://www.chess.com"]